 Dungeon Crawl Stone Soup version 0.21-a0-525-ga34b322 (webtiles) character file.

103 slep the Chopper (level 4, 0/42 HPs)
             Began as a Draconian Gladiator on Dec 7, 2017.
             Slain by Sigmund
             ... wielding a +0 scythe
              (6 damage)
             ... on level 2 of the Dungeon.
             The game lasted 00:05:10 (993 turns).

slep the Chopper (Draconian Gladiator)               Turns: 993, Time: 00:05:10

Health: 0/42       AC:  5    Str: 16    XL:     4   Next: 51%
Magic:  5/9        EV: 15    Int:  8    God:
Gold:   79         SH:  0    Dex: 14    Spells: 9/10 levels left

rFire    . . .     SeeInvis .   a - +0 war axe
rCold    . . .     Gourm    .   (no shield)
rNeg     . . .     Faith    .   (armour unavailable)
rPois    .         Spirit   .   b - +0 hat
rElec    .         Reflect  .   (no cloak)
rCorr    .         Harm     .   (no gloves)
MR       .....                  (no boots)
Stlth    +.........             e - amulet of inaccuracy (curse)
HPRegen  0.14/turn              (no ring)
MPRegen  0.11/turn              (no ring)

@: confused
A: unfitting armour, cold-blooded, AC +5
a: no special abilities


You were on level 2 of the Dungeon.
You were hungry.

You visited 1 branch of the dungeon, and saw 2 of its levels.

You collected 79 gold pieces.

Inventory:

Hand Weapons
 a - a +0 war axe (weapon)
Missiles
 c - 3 throwing nets (quivered)
 s - 8 javelins of penetration
Armour
 b - a +0 hat (worn)
Jewellery
 e - a cursed amulet of inaccuracy (around neck)
Scrolls
 i - 2 scrolls of enchant weapon {unknown}
 l - a scroll of teleportation {unknown}
 p - a scroll of identify {unknown}
 q - a scroll of fear {unknown}
 t - a scroll of enchant armour {unknown}
Potions
 j - 2 potions of invisibility {unknown}
 m - a potion of might {unknown}
 n - a potion of resistance {unknown}
Books
 r - a book of Cantrips

   Spells                             Type                      Level
   a - Confusing Touch                Hexes                        1
   b - Animate Skeleton               Necromancy                   1
   c - Summon Small Mammal            Summoning                    1
   d - Apportation                    Translocation                1
Comestibles
 d - 3 bread rations
 g - 7 fruits
 k - a royal jelly
 o - a meat ration


   Skills:
 + Level 5.4 Fighting
 + Level 5.9 Axes
 + Level 4.2 Throwing
 + Level 4.9 Dodging
 + Level 3.9 Stealth
 + Level 3.5 Spellcasting


You had 9 spell levels left.
You knew the following spells:

 Your Spells              Type           Power        Failure   Level  Hunger
a - Apportation           Tloc           #.....       30%         1    ##.....


Dungeon Overview and Level Annotations

Branches:
Dungeon (2/15)

Altars:
The Shining One

Annotations:
D:2 Sigmund


Innate Abilities, Weirdness & Mutations

Your plain brown scales are hard. (AC +5)
You cannot fit into any form of body armour.
You are cold-blooded and may be slowed by cold attacks.


Message History

You miss Sigmund.
Sigmund is moderately wounded.
Sigmund misses you.
You miss Sigmund.
Sigmund is moderately wounded.
Sigmund closely misses you.
You slash Sigmund!
Sigmund is heavily wounded.
Sigmund gestures at you while chanting.
You are confused.
Sigmund points at you and mumbles some strange words.
You resist with some effort.
You bump into the rock wall.
Sigmund misses you. Sigmund hits you with a scythe.
* * * LOW HITPOINT WARNING * * *
You're too confused to move!
You completely miss Sigmund.
Sigmund is heavily wounded.
Sigmund hits you with a scythe.
You die...

##### #.# #. ...# #.# #.
##.########.# #..
#...........# #..
#..############ #...
#..# #........
#...####..# #.#######
#...@.....####.#######
#...#@................
#...#.########.#######
###...#.##.......#
#.....#.##.#############
#......>................
#.....####.##.#.#.####..
#........#.# # #..# #..
#####...##.# ##.###..
#..†##.# # #..##..


You could see Sigmund.

Vanquished Creatures
  2 worms (D:2)
  A dart slug (D:1)
  A leopard gecko (D:2)
  5 bats
  5 giant cockroaches
  6 hobgoblins
  A ball python (D:2)
  5 frilled lizards
  5 goblins (D:1)
  A kobold (D:2)
  6 rats
38 creatures vanquished.

Notes
Turn   | Place    | Note
-------+----------+-------------------------------------------
     0 | D:1      | slep the Draconian Gladiator began the quest for the Orb.
     0 | D:1      | Reached XP level 1. HP: 17/17 MP: 1/1
   168 | D:1      | Reached XP level 2. HP: 23/24 MP: 2/2
   219 | D:1      | Found a glowing golden altar of the Shining One.
   499 | D:2      | Reached XP level 3. HP: 28/30 MP: 3/3
   732 | D:2      | Learned a level 1 spell: Apportation
   976 | D:2      | Noticed Sigmund
   977 | D:2      | Reached skill level 5 in Fighting
   977 | D:2      | Reached skill level 5 in Axes
   977 | D:2      | Reached XP level 4. HP: 42/42 MP: 3/9
   993 | D:2      | Slain by Sigmund

Vault maps used:
D:1:      dpeg_arrival_connections, tso_metal_star
D:2:      uniq_sigmund

Skill      XL: |  1  2  3 |
---------------+----------+-----
Dodging        | 3 4 |  4.9
Fighting       | 5 |  5.4
Axes           | 5 |  5.9
Throwing       | 4 |  4.2
Stealth        | 3 |  3.9
Spellcasting   | 3 |  3.5

Action                   |  1- 3 |  4- 6 || total
-------------------------+-------+-------++-------
Melee: War axe           |   117 |    11 ||   128
       Tailslap          |     8 |     2 ||    10
  Use: Potion            |     1 |       ||     1
 Stab: Sleeping          |     2 |       ||     2
Armor: Skin              |    35 |       ||    35
Dodge: Dodged            |   118 |     5 ||   123

Table legend:
 A = Spawn XP
 B = Non-spawn XP
 C = Spawn XP percentage of total XP
 D = Spawn monster count
 E = Non-spawn monster count
 F = Spawn count percentage of total count
 G = Total turns spent on level
                    A         B        C        D         E        F      G
               +---------+---------+-------+---------+---------+-------+---------
         Total |       0 |      70 |   0.0 |       0 |      38 |   0.0 |   993
               +---------+---------+-------+---------+---------+-------+---------
           D:1 |       0 |      30 |   0.0 |       0 |      17 |   0.0 |   483
           D:2 |       0 |      40 |   0.0 |       0 |      21 |   0.0 |   510
               +---------+---------+-------+---------+---------+-------+---------
